 Dungeon Crawl Stone Soup version 0.23.2-1-ga50397a6bc (webtiles) character file.

Game seed: 8310982517730383491

127 Mrkan the Skirmisher (level 4, 0/37 HPs)
             Began as a Demonspawn Fighter on May 19, 2019.
             Succumbed to an adder's poison
             ... on level 2 of the Dungeon.
             The game lasted 00:02:19 (790 turns).

Mrkan the Skirmisher (Demonspawn Fighter)            Turns: 790, Time: 00:02:20

Health: 0/37       AC: 11    Str: 17 (18) XL:     4   Next: 85%
Magic:  4/4        EV:  2    Int:  8 (9)  God:
Gold:   34         SH:  8    Dex: 11 (14) Spells: 3/3 levels left

rFire    . . .     SeeInvis .   a - +0 flail
rCold    . . .     Gourm    .   c - +0 shield
rNeg     . . .     Faith    .   e - +0 plate armour
rPois    .         Spirit   .   (no helmet)
rElec    .         Reflect  .   (no cloak)
rCorr    .         Harm     .   (no gloves)
MR       .....                  (no boots)
Stlth    ..........             (no amulet)
HPRegen  0.12/turn              (no ring)
MPRegen  0.09/turn              (no ring)

@: lethally poisoned (0 -> -3)
A: talons 1, thin skeletal structure 1, nightstalker 1
a: no special abilities


You were on level 2 of the Dungeon.
You were not hungry.

You visited 1 branch of the dungeon, and saw 2 of its levels.

You collected 34 gold pieces.

Inventory:

Hand Weapons
 a - a +0 flail (weapon)
Armour
 c - a +0 shield (worn)
 e - a +0 plate armour (worn)
Jewellery
 b - a cursed ring of attention {unknown}
 l - an uncursed ring of ice {unknown}
Scrolls
 h - a scroll of enchant weapon {unknown}
 i - a scroll of remove curse {unknown}
 m - 2 scrolls of identify {unknown}
 n - a scroll of teleportation {unknown}
Potions
 d - a potion of might
Comestibles
 f - 2 rations


   Skills:
 + Level 4.0 Fighting
 * Level 3.9 Maces & Flails
 - Level 2.6 Armour
 - Level 2.6 Shields


You had 3 spell levels left.
You didn't know any spells.
Your spell library was empty.

Dungeon Overview and Level Annotations

Branches:
Dungeon (2/15)

Altars:


Innate Abilities, Weirdness & Mutations

You have sharp toenails.
You have a somewhat thin skeletal structure. (Dex +2, Stealth)
You are slightly more attuned to the shadows.


Message History

You thump the adder!
You kill the adder!
Your Fighting skill increases to level 4!
You block the ooze's attack.
You sock the ooze!
You kill the ooze!
* * * LOW HITPOINT WARNING * * *
You feel sick.
Things that are here:
an adder corpse; a bat corpse It was a potion of degeneration.
There was something very wrong with that liquid.
You feel weakened.
You feel dopey.
You feel clumsy.
It was a potion of brilliance.
You feel clever all of a sudden.
It was a potion of cancellation.
Your magical effects are unravelling.
You feel magically purged.
You feel a little less clever now.
You die...

♣♣♣♣♣♣ ♣♣♣....♣♣
♣♣♣..♣♣♣..♣♣♣♣♣♣
♣♣♣..♣♣♣
♣........
♣♣@.♣♣♣ ♣♣...♣♣♣
♣.♣♣♣ ♣♣♣♣...♣
♣.♣♣ ♣♣)....♣♣
♣. ♣♣.♣♣♣♣....♣
.. ♣.♣♣ ♣♣♣..
..♣ ♣.♣♣ .. ?..
♣..♣♣ ♣ ..%♣
♣♣♣.♣ ♣♣.♣♣♣


There were no monsters in sight!

Vanquished Creatures
  An adder (D:2)
  7 gnolls (D:2)
  2 oozes
  A dart slug (D:1)
  3 giant cockroaches
  2 goblins
  4 hobgoblins
  5 jackals
  A quokka (D:2)
  3 bats
  3 frilled lizards
  4 kobolds
  7 rats
43 creatures vanquished.

Notes
Turn   | Place    | Note
-------+----------+-------------------------------------------
     0 | D:1      | Mrkan the Demonspawn Fighter began the quest for the Orb.
     0 | D:1      | Reached XP level 1. HP: 18/18 MP: 1/1
    72 | D:1      | Gained mutation: You are slightly more attuned to the
                  | shadows. [demonic ancestry]
    72 | D:1      | Reached XP level 2. HP: 24/24 MP: 2/2
   553 | D:2      | Gained mutation: You have a somewhat thin skeletal
                  | structure. (Dex +2, Stealth) [demonic ancestry]
   553 | D:2      | Reached XP level 3. HP: 29/29 MP: 3/3
   642 | D:2      | Gained mutation: You have sharp toenails. [demonic
                  | ancestry]
   642 | D:2      | Reached XP level 4. HP: 21/37 MP: 4/4
   784 | D:2      | HP: 1/37 [poisoned by an adder]
   785 | D:2      | Reached skill level 4 in Fighting
   790 | D:2      | Succumbed to an adder's poison

Skill      XL: |  1  2  3  4 |
---------------+-------------+-----
Maces & Flails | 2 3 |  3.9
Fighting       | 4 |  4.0
Armour         | |  2.6
Shields        | |  2.6

Action                   |  1- 3 |  4- 6 || total
-------------------------+-------+-------++-------
Melee: Flail             |    77 |    49 ||   126
       Kick              |       |     8 ||     8
  Use: Potion            |       |     3 ||     3
Armor: Scale mail        |     8 |       ||     8
       Plate armour      |    92 |    27 ||   119
Dodge: Dodged            |    14 |     4 ||    18
Block: Shield            |    53 |    13 ||    66
